 Dungeon Crawl Stone Soup version 0.29.0-4-gdea44cf6ec (webtiles) character file.

Game seed: 14601601305626656102

443 qw the Trooper (level 7, -4/45 HPs)
             Began as a Gargoyle Fighter on Sept 10, 2022.
             Slain by a gnoll
             ... wielding a +0 halberd
             ... led by a gnoll bouda
              (7 damage)
             ... on level 4 of the Dungeon.
             The game lasted 00:01:14 (3389 turns).

qw the Trooper (Gargoyle Fighter)                   Turns: 3389, Time: 00:01:15

Health: -4/45      AC: 18    Str: 22    XL:     7   Next: 2%
Magic:  7/7        EV:  6    Int:  8    God:
Gold:   960        SH:  4    Dex:  9    Spells: 6/6 levels left

rFire   + . .      SeeInvis .   Y - +0 war axe
rCold   + + .      Faith    .   c - +0 buckler
rNeg    + . .      Spirit   .   i - +1 plate armour
rPois   inf        Reflect  .   (no helmet)
rElec   +          Harm     .   e - scarf {rC+ rF+}
rCorr   .          Rampage  .   l - +0 pair of gloves
Will    .....                   (no boots)
Stlth   ..........              (no amulet)
HPRegen 0.15/turn               f - ring of protection from cold
MPRegen 0.10/turn               (no ring)

@: no status effects
A: sickness immunity, AC +4, negative energy resistance 1, electricity
resistance, torment resistance 1, petrification resistance
a: no special abilities


You were on level 4 of the Dungeon.
You visited 1 branch of the dungeon, and saw 4 of its levels.

You collected 960 gold pieces.


Innate Abilities, Weirdness & Mutations

You are immune to sickness and miasma.
Your stone body is resilient. (AC +4)
You are immune to poison.
You resist negative energy. (rN+)
You are resistant to electric shocks. (rElec)
You are resistant to unholy torment.
You are immune to petrification.


   Skills:
 - Level 5.6 Fighting
 + Level 5.4 Axes
 - Level 3.2 Armour
 - Level 3.2 Shields


You had 6 spell levels left.
You didn't know any spells.
Your spell library was empty.

Inventory:

Hand Weapons
 b - a +2 hand axe of flaming
 Y - a +0 war axe (weapon)
Armour
 c - a +0 buckler (worn)
 e - a scarf of resistance (worn)
 h - a +0 cloak
 i - a +1 plate armour (worn)
 l - a +0 pair of gloves (worn)
Jewellery
 f - a ring of protection from cold (left hand)
Scrolls
 a - a scroll of identify
Potions
 d - a potion of might
 j - 5 potions of mutation
 k - a potion of curing
 o - a potion of attraction {unknown}

Dungeon Overview and Level Annotations

Branches:
Dungeon (4/15)
 Temple: D:4-7

Altars:
Cheibriados
Nemelex Xobeh

Annotations:
D:3 1 runed translucent door, Crazy Yiuf


Message History

The gnoll bouda barely misses you. The gnoll barely misses you.
The gnoll completely misses you.
The gnoll bouda prays to its god.
The gnoll bouda is healed somewhat.
You hit the gnoll bouda.
The gnoll bouda is almost dead.
The gnoll hits you but does no damage.
The gnoll hits you from afar with a +0 halberd.
The gnoll bouda hits you with a +0 club.
The gnoll hits you from afar with a +0 halberd.
You hit the gnoll bouda.
The gnoll bouda is almost dead.
Your attacks no longer feel as feeble.
The gnoll is no longer moving quickly.
The gnoll closely misses you.
The gnoll bouda utters an invocation to its god.
The gnoll bouda is healed somewhat.
The gnoll hits you from afar with a +0 halberd.
You block the gnoll's attack.
You barely miss the gnoll bouda.
The gnoll bouda is severely wounded.
You block the gnoll bouda's attack.
The gnoll hits you from afar with a +0 halberd.
You block the gnoll's attack.
The gnoll bouda barks out a call to the hunt!
The gnoll picks up the pace!
You slash the gnoll bouda!
You kill the gnoll bouda!
The gnoll is no longer moving quickly. x2; The gnoll closely misses you.
You block the gnoll's attack.
You have reached level 7!
The gnoll hits you from afar with a +0 halberd.
You block the gnoll's attack.
You slash the gnoll!
The gnoll is almost dead.
You slash the endoplasm!
You kill the endoplasm!
You hit the gnoll. The gnoll barely misses you.
The gnoll hits you from afar with a +0 halberd!
You die...

.. .# ## .## #. .. #.#.#
##+## #.g. # ##...##
#g.# ##.# ##.....# .##
#g@##.#.# ##.......
....##).)....###....>...
...............+........
..####......####.....)<.
#...#.## ##.......
##.#### ##.....# #.#
##...## #.# ##'## #.#
#.#


You could see 3 gnolls.

Vanquished Creatures
  Grinder (D:3)
  A gnoll bouda (D:4)
  Natasha (thrice) (D:3)
  Ijyb (D:3)
  3 gnolls
  3 adders (D:2)
  A worm (D:2)
  A dart slug (D:3)
  6 orcs
  4 ball pythons
  14 endoplasms
  A giant cockroach (D:2)
  6 hobgoblins
  3 quokkas
  6 bats
  5 frilled lizards
  6 goblins
  2 kobolds
  5 rats
72 creatures vanquished.

Notes
Turn   | Place    | Note
-------+----------+-------------------------------------------
     0 | D:1      | qw the Gargoyle Fighter began the quest for the Orb.
     0 | D:1      | Reached XP level 1. HP: 14/14 MP: 1/1
     0 | D:1      | 0 ||| qw: Version: 0.1-a-116-g5d60599
     0 | D:1      | 0 ||| qw: Game counter: 7652
     0 | D:1      | 0 ||| qw: Always use a shield: true
     0 | D:1      | 0 ||| qw: God list: Okawaru
     0 | D:1      | 0 ||| qw: Allow faded altars: false
     0 | D:1      | 0 ||| qw: Do Orc after D:15 true
     0 | D:1      | 0 ||| qw: Do second Lair branch before Depths: true
     0 | D:1      | 0 ||| qw: Lair rune preference: random
     0 | D:1      | 0 ||| qw: Plans: Normal, Zot, God:TSO, Crypt, Tomb, Zig,
                  | Orb
     0 | D:1      | 0 ||| PLANNING D:1-11
   348 | D:1      | Reached XP level 2. HP: 19/19 MP: 2/2
   450 | D:1      | 450 ||| Stepping ~*~*~tactically~*~*~ (stealth).
   451 | D:1      | 451 ||| Stepping ~*~*~tactically~*~*~ (stealth).
   713 | D:1      | 713 ||| UPGRADING to scarf of resistance.
   718 | D:1      | 718 ||| UPGRADING to +0 plate armour.
   728 | D:1      | 728 ||| DROPPING +0 scale mail.
   729 | D:1      | 729 ||| READING 5 scrolls labelled VANEUXK GAVIL.
   730 | D:1      | 730 ||| READING scroll labelled WOTZAXZIOCU.
   735 | D:1      | 735 ||| READING scroll labelled FICKENEDYGA.
   735 | D:1      | Identified a scroll of acquirement
   735 | D:1      | 735 ||| ACQUIRING 790 gold pieces
   735 | D:1      | Acquired 790 gold pieces
   737 | D:1      | 737 ||| READING 4 scrolls of identify.
   737 | D:1      | 737 ||| IDENTIFYING fuming orange potion
   738 | D:1      | 738 ||| READING 3 scrolls of identify.
   738 | D:1      | 738 ||| IDENTIFYING white potion
   739 | D:1      | 739 ||| READING 2 scrolls of identify.
   739 | D:1      | 739 ||| IDENTIFYING sapphire potion
   740 | D:1      | 740 ||| DROPPING potion of degeneration.
   816 | D:2      | Found a faded altar of an unknown god.
   931 | D:2      | 931 ||| Stepping ~*~*~tactically~*~*~ (stealth).
   933 | D:2      | 933 ||| Stepping ~*~*~tactically~*~*~ (stealth).
   943 | D:2      | 943 ||| Stepping ~*~*~tactically~*~*~ (stealth).
   945 | D:2      | 945 ||| Stepping ~*~*~tactically~*~*~ (stealth).
   961 | D:2      | Reached skill level 3 in Axes
  1182 | D:2      | Reached XP level 3. HP: 23/23 MP: 3/3
  1183 | D:2      | 1183 ||| Stepping ~*~*~tactically~*~*~ (stealth).
  1501 | D:2      | Found a snail-covered altar of Cheibriados.
  1510 | D:2      | Reached XP level 4. HP: 20/28 MP: 4/4
  1781 | D:2      | 1781 ||| UPGRADING to ring of protection from cold.
  1782 | D:2      | 1782 ||| READING 2 scrolls labelled BEUXTE DOXAIRI.
  1783 | D:2      | 1783 ||| READING scroll of enchant armour.
  1783 | D:2      | 1783 ||| ENCHANTING +0 plate armour.
  1784 | D:2      | 1784 ||| READING scroll labelled PEGOYSTREMI.
  1785 | D:2      | 1785 ||| READING 2 scrolls of identify.
  1785 | D:2      | 1785 ||| IDENTIFYING fuming golden potion
  1810 | D:3      | 1810 ||| STAIRDANCE
  1830 | D:3      | 1830 ||| STAIRDANCE
  1917 | D:2      | 1917 ||| DROPPING +0 club.
  1931 | D:3      | 1931 ||| DROPPING +0 mace.
  1940 | D:3      | Noticed Ijyb
  1941 | D:3      | 1941 ||| Stepping ~*~*~tactically~*~*~ (hiding).
  1946 | D:3      | Paralysed by Ijyb for 5 turns
  1954 | D:3      | Paralysed by Ijyb for 5 turns
  1961 | D:3      | Paralysed by Ijyb for 3 turns
  1973 | D:3      | Killed Ijyb
  2244 | D:3      | Found a sparkling altar of Nemelex Xobeh.
  2266 | D:3      | Noticed Natasha
  2267 | D:3      | 2267 ||| Stepping ~*~*~tactically~*~*~ (hiding).
  2269 | D:3      | 2269 ||| Stepping ~*~*~tactically~*~*~ (hiding).
  2273 | D:3      | Killed Natasha
  2274 | D:3      | Reached XP level 5. HP: 32/32 MP: 5/5
  2390 | D:3      | Noticed Natasha
  2401 | D:3      | Killed Natasha
  2613 | D:3      | 2613 ||| Stepping ~*~*~tactically~*~*~ (hiding).
  2616 | D:3      | 2616 ||| Stepping ~*~*~tactically~*~*~ (hiding).
  2724 | D:3      | 2724 ||| Stepping ~*~*~tactically~*~*~ (stealth).
  2738 | D:3      | Noticed Grinder
  2739 | D:3      | 2739 ||| Stepping ~*~*~tactically~*~*~ (hiding).
  2745 | D:3      | Paralysed by Grinder for 2 turns
  2751 | D:3      | Paralysed by Grinder for 4 turns
  2753 | D:3      | HP: 8/32 [frozen (1)]
  2755 | D:3      | 2755 ||| READING scroll of teleportation.
  2757 | D:3      | 2757 ||| DRINKING 2 potions of heal wounds.
  2757 | D:3      | Paralysed by Grinder for 3 turns
  2831 | D:3      | 2831 ||| Stepping ~*~*~tactically~*~*~ (stealth).
  2841 | D:3      | 2841 ||| Stepping ~*~*~tactically~*~*~ (hiding).
  2846 | D:3      | Paralysed by Grinder for 2 turns
  2850 | D:3      | Killed Grinder
  2851 | D:3      | Reached XP level 6. HP: 39/41 MP: 6/6
  2964 | D:3      | Found a runed translucent door.
  2965 | D:3      | Noticed Crazy Yiuf
  3101 | D:3      | 3101 ||| UPGRADING to +0 pair of gloves.
  3106 | D:3      | 3106 ||| DROPPING scarf of resistance.
  3107 | D:3      | 3107 ||| READING 2 scrolls of identify.
  3107 | D:3      | 3107 ||| IDENTIFYING smoky clear potion
  3108 | D:3      | 3108 ||| DROPPING potion of flight.
  3153 | D:3      | Noticed Natasha
  3159 | D:3      | Killed Natasha
  3378 | D:4      | HP: 7/41 [gnoll bouda/+0 club (7)]
  3379 | D:4      | 3379 ||| DRINKING 2 potions of heal wounds.
  3380 | D:4      | 3380 ||| DRINKING potion of heal wounds.
  3385 | D:4      | HP: 8/41 [gnoll/+0 halberd[a gnoll bouda] (4)]
  3388 | D:4      | Reached XP level 7. HP: 5/45 MP: 7/7
  3388 | D:4      | HP: 3/45 [gnoll/+0 halberd[a gnoll bouda] (2)]
  3389 | D:4      | Slain by a gnoll

Levels and vault maps discovered:
D:1:      psy_arrival_dodecagon, layout_loops_ring
D:2:      layout_basic, basic_altar, ebering_ecumenical_altar_petrified
D:3:      layout_rooms, nemelex_dance_club_becter,
          minmay_fractal_squares_diagonal_5, uniq_crazy_yiuf_cottage,
          uniq_natasha, uniq_ijyb, uniq_grinder
D:4:      layout_loops_corners, nicolae_ru_great_annihilating_truth

Skill      XL: |  1  2  3  4  5 |
---------------+----------------+-----
Axes           | 2 3 4 5 |  5.4
Fighting       | 5 |  5.6
Armour         | |  3.2
Shields        | |  3.2

Action                   |  1- 3 |  4- 6 |  7- 9 || total
-------------------------+-------+-------+-------++-------
Melee: War axe           |   101 |   135 |     1 ||   237
Throw: Boomerang         |       |     1 |       ||     1
  Use: Scroll            |     6 |     6 |       ||    12
       Potion            |       |     3 |       ||     3
Armor: Scale mail        |    12 |       |       ||    12
       Plate armour      |    46 |   116 |       ||   162
Dodge: Dodged            |    39 |    46 |     1 ||    86
Block: Buckler           |    12 |    36 |     1 ||    49

Table legend:
 A = Non-vault XP
 B = Vault XP
 C = Vault XP percentage of total XP
 D = Non-vault monster count
 E = Vault monster count
 F = Vault count percentage of total count
                 A         B        C        D         E       F
            +---------+---------+-------+---------+---------+-------
      Total |     271 |     365 |  57.4 |      57 |      15 |  20.8
            +---------+---------+-------+---------+---------+-------
        D:1 |      23 |       0 |   0.0 |      14 |       0 |   0.0
        D:2 |      84 |       0 |   0.0 |      26 |       0 |   0.0
        D:3 |      91 |     365 |  80.0 |      12 |      15 |  55.6
        D:4 |      73 |       0 |   0.0 |       5 |       0 |   0.0
            +---------+---------+-------+---------+---------+-------
